 Dungeon Crawl Stone Soup version 0.23.2-40-g277498a001 (webtiles) character file.

Game seed: 1390556718575744358

40 EWolf27 the Cutter (level 3, 0/24 HPs)
             Began as a Halfling Warper on Sept 22, 2019.
             Succumbed to an adder's poison
             ... on level 1 of the Dungeon.
             The game lasted 00:06:06 (1653 turns).

EWolf27 the Cutter (Halfling Warper)                Turns: 1653, Time: 00:06:06

Health: 0/24       AC:  3    Str: 12    XL:     3   Next: 72%
Magic:  5/5        EV: 15    Int: 11    God:
Gold:   35         SH:  0    Dex: 14    Spells: 1/5 levels left

rFire    . . .     SeeInvis .   a - +0 short sword
rCold    . . .     Gourm    .   (shield restricted)
rNeg     . . .     Faith    .   n - +0 leather armour
rPois    .         Spirit   .   (no helmet)
rElec    .         Reflect  .   (no cloak)
rCorr    .         Harm     .   (no gloves)
MR       .....                  (no boots)
Stlth    +.........             (no amulet)
HPRegen  0.08/turn              (no ring)
MPRegen  0.09/turn              (no ring)

@: lethally poisoned (0 -> -4), very slightly contaminated
A: small, mutation resistance 1
a: no special abilities


You were on level 1 of the Dungeon.
You were not hungry.

You visited 1 branch of the dungeon, and saw 2 of its levels.

You collected 35 gold pieces.

Inventory:

Hand Weapons
 a - a +0 short sword (weapon)
 b - a +0 hunting sling
Missiles
 e - 5 tomahawks of dispersal (quivered)
 h - 4 javelins
 i - 47 stones
Armour
 n - a +0 leather armour (worn)
Scrolls
 c - a scroll of teleportation {unknown}
 o - a scroll of immolation {unknown}
Potions
 g - 2 potions of might {unknown}
 j - a potion of resistance {unknown}
 k - a potion of curing {unknown}
 l - a potion of degeneration {unknown}
 p - a potion of mutation {unknown}
 q - 3 potions of brilliance {unknown}
 r - a potion of haste {unknown}
Comestibles
 f - 4 rations
 m - a chunk of flesh


   Skills:
 - Level 1.7 Fighting
 * Level 3.8 Short Blades
 + Level 1.6(2.0) Slings
 - Level 1.0(1.2) Throwing
 - Level 1.1 Armour
 + Level 2.8 Dodging
 - Level 1.5 Spellcasting
 - Level 3.2 Translocations


You had one spell level left.
You knew the following spells:

 Your Spells              Type           Power        Failure   Level  Hunger
a - Blink                 Tloc           N/A          16%         2    ###....
b - Shroud of Golubria    Chrm/Tloc      #.........   30%         2    ###....

Your spell library contained the following spells:

 Spells                   Type           Power        Failure   Level  Hunger
 Gell's Gravitas          Tloc           #.........   30%         3    ####...
 Lesser Beckoning         Tloc           #.........   30%         3    ####...
 Teleport Other           Tloc           #.......     30%         3    ####...
 Passage of Golubria      Tloc           N/A          69%         4    #####..


Dungeon Overview and Level Annotations

Branches:
Dungeon (2/15)

Altars:


Innate Abilities, Weirdness & Mutations

You are small and have problems with some larger weapons.
You are somewhat resistant to further mutation.


Message History

The adder poisons you!
Blink to where?
Press: ? - help, Dir - move target cursor You are very lightly contaminated with residual magic.
As you read the scroll of blinking, it crumbles to dust.
* * * LOW HITPOINT WARNING * * *
You feel sick. The adder misses you. The adder barely misses you.
There is a stone staircase leading up here.
* * * LOW HITPOINT WARNING * * *
You feel sick. The adder barely misses you. x2
You climb upwards.
There is a stone staircase leading down here.
* * * LOW HITPOINT WARNING * * *
You feel sick.
The adder is no longer berserk.
The adder closely misses you. x2
The adder misses you. The adder bites you.
* * * LOW HITPOINT WARNING * * *
You die...

.....⌠.........⌠........##
.⌠.................⌠...##
..........⌠..........###
####.............#####
##################
.......#.##.#.# #########
######....#.#.####
##........
#......#..S.#######.........
##...######@...........##...
#≈≈≈≈≈≈#.....####....####..
#...########........## ##.
##........##........# #.
#......#.##....#...# #.
##..#.........###..######.
#..#........## ##........
#..#....##..# #........
#..##..####.#####..###..#


You could see an adder.

Vanquished Creatures
  An adder (D:2)
  A leopard gecko (D:1)
  3 giant cockroaches
  A goblin (D:2)
  6 hobgoblins (D:1)
  4 jackals (D:1)
  2 bats (D:1)
  A frilled lizard (D:1)
  3 kobolds (D:1)
  6 rats
28 creatures vanquished.

Notes
Turn   | Place    | Note
-------+----------+-------------------------------------------
     0 | D:1      | EWolf27 the Halfling Warper began the quest for the Orb.
     0 | D:1      | Reached XP level 1. HP: 14/14 MP: 3/3
   198 | D:1      | Reached XP level 2. HP: 17/19 MP: 4/4
   533 | D:1      | Reached skill level 1 in Slings
   793 | D:1      | Reached XP level 3. HP: 20/24 MP: 5/5
   879 | D:1      | Learned a level 2 spell: Blink
   882 | D:1      | Learned a level 2 spell: Shroud of Golubria
  1625 | D:2      | Noticed a moth of wrath
  1652 | D:1      | HP: 1/24 [adder (2)]
  1653 | D:1      | Succumbed to an adder's poison

Skill      XL: |  1  2 |
---------------+-------+-----
Short Blades   | 3 |  3.8
Slings         | 1 |  1.6
Fighting       | |  1.7
Throwing       | |  1.0
Armour         | |  1.1
Dodging        | |  2.8
Spellcasting   | |  1.5
Translocations | |  3.2

Action                   || total
-------------------------++-------
Melee: Short sword       ||   101
  Use: Scroll            ||     2
  Eat: Chunk             ||     2
Armor: Leather armour    ||    23
Dodge: Dodged            ||    74
